Map: [ESL] Hard Lead

Players

SCV

  • Race: Protoss Protoss
  • Spawn Location: 5:00

MeomaikA - Winner!

  • Race: Zerg Zerg
  • Spawn Location: 11:00

Event: ESL SC2 Masters 2023 Winter (Regional)

VOD

Have the link to the VOD?

Description

Time

  • Played on: Nov. 4, 2023, 8:23 a.m.
  • Length: 7:33

All games in this series

Show
View Real Time Build Order
Export as new Build Order

SCV Protoss 

Build Orders: 1 Gate Expand, Oracle Opening 

Get SALT Encoding   

  12  0:00  Probe  
  13  0:12  Probe  
  14  0:19  Pylon  
  14  0:24  Probe  
  15  0:37  Probe (Chrono Boost)  
  15  0:40  Gateway  
  16  0:47  Assimilator, Probe (Chrono Boost)  
  17  0:52  Probe (Chrono Boost)  
  18  1:04  Probe  
  19  1:16  Probe  
  20  1:24  Nexus  
  20  1:35  Cybernetics Core  
  20  1:40  Zealot  
  22  1:48  Pylon  
  22  1:51  Probe  
  23  2:06  Probe  
  23  2:07  Assimilator  
  23  2:08  Adept (Chrono Boost)  
  26  2:18  Probe  
  27  2:23  Stargate  
  27  2:31  Probe (Chrono Boost)  
  27  2:32  Adept  
  27  2:36  Probe (Chrono Boost)  
  31  2:43  Probe (Chrono Boost)  
  32  2:46  Probe (Chrono Boost)  
  32  2:49  Probe (Chrono Boost), Warp Gate  
  34  2:51  Probe (Chrono Boost)  
  34  2:56  Probe  
  36  3:02  Probe  
  37  3:06  Oracle (Chrono Boost)  
  37  3:08  Probe  
  41  3:14  Probe  
  41  3:18  Pylon  
  42  3:23  Gateway  
  42  3:25  Probe  
  43  3:27  Probe  
  44  3:34  Oracle (Chrono Boost)  
  44  3:37  Probe  
  44  3:39  Probe  
  49  3:49  Pylon, Probe  
  49  3:51  Probe  
  51  3:56  Twilight Council  
  51  4:01  Probe  
  52  4:03  Probe  
  53  4:11  Nexus  
  53  4:15  Gateway  
  53  4:18  Gateway  
  53  4:21  Probe x2  
  55  4:26  Pylon  
  55  4:30  Resonating Glaives (Chrono Boost)  
  55  4:39  Probe x2  
  55  4:40  Adept x2  
  55  4:42  Pylon  
  61  4:49  Assimilator  
  61  4:51  Probe x2  
  63  4:59  Robotics Facility  
  63  5:01  Adept x2  
  63  5:04  Assimilator  
  67  5:08  Probe  
  67  5:13  Adept x2  
  64  5:21  Probe x2  
  64  5:23  Probe  
  64  5:28  Adept x2  
  71  5:33  Adept x2  
  75  5:35  Shield Battery  
  75  5:37  Shield Battery  
  75  5:41  Probe  
  78  5:46  Robotics Bay  
  78  5:48  Forge  
  72  5:52  Adept x2  
  72  5:55  Adept x2  
  72  6:07  Shield Battery  
  72  6:09  Shield Battery  
  72  6:11  Pylon  
  68  6:16  Robotics Bay, Adept x4  
  76  6:22  Gateway x2  
  74  6:38  Adept  
  74  6:39  Adept x3  
  80  6:42  Adept x4  
  80  6:45  Pylon  
  80  6:47  Pylon  
  67  6:49  Pylon  
  67  6:51  Shield Battery  
  58  7:01  Void Ray (Chrono Boost)  
  62  7:02  Adept  
  62  7:03  Adept x2  
  36  7:17  Adept x2  
  36  7:24  Adept  
  36  7:28  Adept  
Show
View Real Time Build Order
Export as new Build Order

MeomaikA Zerg - Winner!

Build Orders: Pool First 

Get SALT Encoding   

  12  0:00  Drone  
  13  0:12  Overlord  
  13  0:16  Drone  
  14  0:30  Drone x2  
  16  0:35  Drone  
  17  0:44  Spawning Pool  
  17  0:47  Drone  
  17  1:07  Hatchery  
  17  1:10  Drone  
  17  1:13  Extractor  
  17  1:15  Drone  
  17  1:30  Zergling x2  
  17  1:31  Drone  
  17  1:32  Queen  
  21  1:38  Drone  
  22  1:49  Overlord  
  22  2:08  Drone, Queen  
  25  2:11  Drone  
  25  2:12  Metabolic Boost  
  26  2:20  Drone  
  27  2:23  Drone  
  28  2:30  Drone  
  28  2:33  Drone  
  30  2:40  Drone  
  30  2:41  Drone  
  32  2:45  Drone  
  32  2:48  Hatchery  
  32  2:49  Drone  
  32  2:51  Drone  
  34  2:56  Overlord  
  34  2:59  Drone  
  34  3:04  Spore Crawler  
  34  3:10  Drone  
  34  3:11  Drone  
  35  3:13  Drone, Spore Crawler  
  35  3:15  Drone  
  35  3:16  Drone  
  37  3:23  Lair  
  37  3:27  Extractor, Drone  
  37  3:28  Drone  
  37  3:30  Drone  
  37  3:32  Drone  
  40  3:35  Drone  
  40  3:40  Overlord  
  41  3:47  Zergling x6  
  44  3:48  Overlord  
  44  3:52  Overlord  
  44  3:54  Overlord  
  43  4:09  Drone  
  43  4:10  Drone x2  
  43  4:11  Queen, Overlord  
  47  4:18  Drone  
  47  4:21  Hydralisk Den  
  47  4:24  Drone x4  
  50  4:28  Overlord  
  51  4:31  Drone x2  
  51  4:33  Drone  
  51  4:34  Drone  
  51  4:36  Drone  
  51  4:38  Drone  
  56  4:41  Overlord  
  53  4:53  Hydralisk x2, Muscular Augments  
  53  4:55  Hydralisk  
  53  4:58  Hydralisk  
  60  5:03  Extractor, Hydralisk  
  60  5:07  Hydralisk  
  61  5:10  Zergling x2  
  57  5:15  Zergling x2  
  57  5:18  Hydralisk  
  60  5:21  Zergling x2  
  60  5:28  Hydralisk  
  58  5:29  Zergling x4  
  58  5:34  Hydralisk  
  64  5:36  Zergling x4  
  64  5:38  Zergling x2  
  64  5:40  Zergling x2  
  64  5:42  Zergling x2  
  69  5:44  Zergling x2  
  69  5:46  Zergling x2  
  69  5:48  Zergling x2  
  72  5:50  Zergling x2  
  72  5:51  Zergling x2  
  72  5:54  Zergling x2  
  72  5:55  Zergling x2  
  71  5:57  Zergling x2  
  71  5:59  Zergling x2  
  71  6:01  Zergling x2  
  71  6:02  Zergling x2  
  72  6:05  Zergling x2  
  72  6:07  Zergling x2  
  72  6:08  Zergling x2  
  72  6:10  Zergling x2  
  75  6:12  Zergling x2  
  75  6:14  Grooved Spines  
  75  6:16  Zergling x2  
  75  6:17  Zergling x2  
  78  6:21  Zergling x4  
  78  6:23  Zergling x2  
  81  6:26  Zergling x4  
  81  6:30  Zergling x4  
  81  6:31  Zergling x2  
  86  6:36  Zergling x2  
  86  6:39  Zergling x2  
  83  6:41  Zergling x2  
  83  6:42  Zergling x6  
  84  6:47  Zergling x2  
  84  6:50  Drone  
  84  6:52  Zergling x2  
  86  6:58  Zergling x2  
  84  7:03  Zergling x4  
  80  7:08  Zergling x2  
  80  7:10  Drone x2  
  80  7:11  Drone x2  
  80  7:13  Zergling x2  
  85  7:20  Drone  
Tags
 
Add a new tag
Caveats
  • Supply blocks, unpowered buildings, or Contaminate may cause inaccurate times.
  • Supply counts are checked every 10 seconds.